 Dungeon Crawl Stone Soup version 0.28-b1-1-g3c77fb2ed1 (webtiles) character file.

Game seed: 5270371732743118184

1716 zeram the Cleaver (level 9, -4/78 HPs)
             Began as a Hill Orc Fighter on Jan 28, 2022.
             Was a Follower of Qazlal.
             Slain by an orc warrior (17 damage)
             ... on level 6 of the Dungeon.
             The game lasted 00:06:24 (6436 turns).

zeram the Cleaver (Hill Orc Fighter)                Turns: 6436, Time: 00:06:25

Health: -4/78      AC: 10    Str: 23    XL:     9   Next: 4%
Magic:  9/9        EV: 10    Int:  8    God:    Qazlal [*.....]
Gold:   318        SH:  8    Dex: 16    Spells: 8/8 levels left

rFire   . . .      SeeInvis .   a - +0 war axe
rCold   . . .      Faith    .   c - +1 buckler
rNeg    + . .      Spirit   .   b - +0 scale mail
rPois   .          Reflect  .   (no helmet)
rElec   .          Harm     .   q - +1 cloak
rCorr   .          Rampage  .   (no gloves)
Will    .....                   (no boots)
Stlth   ..........              (no amulet)
HPRegen 0.23/turn               o - +6 ring of dexterity
MPRegen 0.11/turn               k - ring of positive energy

@: no status effects
A: no striking features
a: Renounce Religion


You were on level 6 of the Dungeon.
You worshipped Qazlal.
Qazlal was aware of your devotion.
You visited 2 branches of the dungeon, and saw 7 of its levels.

You collected 318 gold pieces.

Inventory:

Hand Weapons
 a - a +0 war axe (weapon)
 d - a +0 whip of freezing
Missiles
 i - 5 poisoned darts (quivered)
Armour
 b - a +0 scale mail (worn)
 c - a +1 buckler (worn)
 q - a +1 cloak (worn)
Jewellery
 k - a ring of positive energy (right hand)
 o - a +6 ring of dexterity (left hand)
Scrolls
 h - 5 scrolls of identify
Potions
 e - a potion of attraction {unknown}
 f - a potion of magic
 g - 2 potions of flight
 j - a potion of ambrosia {unknown}
 l - a potion of berserk rage {unknown}
 m - 2 potions of mutation {unknown}
 p - 2 potions of invisibility {unknown}
 r - a potion of brilliance {unknown}


   Skills:
 + Level 6.5 Fighting
 + Level 10.1 Axes
 + Level 6.4 Armour
 + Level 2.2 Dodging
 + Level 5.2 Shields


You had 8 spell levels left.
You didn't know any spells.
Your spell library was empty.

Dungeon Overview and Level Annotations

Branches:
Dungeon (6/15)             Temple (1/1) D:5

Altars:
Dithmenos
Elyvilon
Fedhas
Kikubaaqudgha
Makhleb
Nemelex Xobeh
Qazlal
Sif Muna
Uskayaw
Vehumet
Wu Jian
Xom
Zin


Message History

Your experience leads to an increase in your attributes!
Your base attributes are Str 21, Int 8, Dex 10.
Increase (S)trength, (I)ntelligence, or (D)exterity?
You feel stronger. x2
You hit the bullfrog skeleton.
The bullfrog skeleton is almost destroyed.
You closely miss the orc. You slash the shadow imp!
You kill the shadow imp!
Qazlal accepts your kill.
The bullfrog skeleton is engulfed in blazing flames.
You destroy the bullfrog skeleton!
Qazlal accepts your kill.
The orc warrior hits you from afar with a +0 glaive.
You block the orc's attack.
The orc warrior hits you from afar with a +0 glaive!
The orc hits you but does no damage.
Things that are here:
a +0 hand axe; a +0 scale mail You slash the orc!
You kill the orc!
Qazlal accepts your kill. You block the orc warrior's attack.
Found 23 stones.
You block the orc warrior's attack.
Items here: )) [ ††.
You slash the orc warrior!
The orc warrior is moderately wounded.
The orc warrior hits you with a +0 glaive!
* * * LOW HITPOINT WARNING * * *
An adder comes into view.
You barely miss the orc warrior.
The orc warrior is moderately wounded.
The adder hisses angrily.
You block the orc warrior's attack.
You closely miss the orc warrior.
The orc warrior is moderately wounded.
The orc warrior barely misses you.
You completely miss the orc warrior.
The orc warrior is moderately wounded.
The orc warrior hits you with a +0 glaive!
You die...

##.#.# ##....# .....#
.S..# #.#.# ##
#.###...###.#
..(...[○o...###
#.@.)....##
#.°.†..?..#
#.###########
..#####.#########.##
......)...)........#
###......########..###
# #.###### #....###. #
#.....#.. ##.####..


You could see an orc warrior and an adder.

Vanquished Creatures
  Prince Ribbit (D:6)
  Sigmund (D:2)
  An ice beast (D:5)
  An ogre (D:5)
  A phantom (D:5)
  A kobold brigand (D:5)
  3 scorpions
  2 centaur zombies (D:5)
  2 jellies (D:5)
  4 hounds
  A gnoll shaman (D:5)
  2 orc priests
  A bullfrog skeleton (D:6)
  2 iguanas
  6 orc wizards
  2 killer bee zombies
  4 gnolls (D:5)
  9 adders
  A river rat (D:5)
  A shadow imp (D:6)
  An ufetubus (D:5)
  An adder skeleton (D:2)
  2 worms (D:2)
  4 dart slugs
  23 orcs
  10 endoplasms
  4 giant cockroaches
  4 goblins
  9 hobgoblins
  5 quokkas
  7 ball pythons
  3 bats
  3 frilled lizards
  5 kobolds
  10 rats
137 creatures vanquished.

Notes
Turn   | Place    | Note
-------+----------+-------------------------------------------
     0 | D:1      | zeram the Hill Orc Fighter began the quest for the Orb.
     0 | D:1      | Reached XP level 1. HP: 19/19 MP: 1/1
   176 | D:1      | Reached XP level 2. HP: 27/27 MP: 2/2
   421 | D:1      | Reached skill level 3 in Axes
   525 | D:1      | Reached XP level 3. HP: 33/33 MP: 3/3
  1015 | D:2      | Reached XP level 4. HP: 40/40 MP: 4/4
  1046 | D:2      | Reached skill level 4 in Axes
  1114 | D:2      | Noticed Sigmund
  1123 | D:2      | Killed Sigmund
  1124 | D:2      | Reached skill level 6 in Axes
  1124 | D:2      | Reached skill level 1 in Dodging
  1124 | D:2      | Reached XP level 5. HP: 43/47 MP: 5/5
  1124 | D:2      | Reached XP level 6. HP: 49/53 MP: 6/6
  1182 | D:2      | Found a faded altar of an unknown god.
  2807 | D:4      | Reached skill level 5 in Fighting
  2815 | D:4      | Reached XP level 7. HP: 51/61 MP: 7/7
  2991 | D:4      | Reached skill level 7 in Axes
  4035 | D:5      | Entered Level 5 of the Dungeon
  4223 | D:5      | Found a staircase to the Ecumenical Temple.
  4269 | D:5      | Found a sparkling altar of Nemelex Xobeh.
  4284 | Temple   | Entered the Ecumenical Temple
  4554 | Temple   | Became a worshipper of Qazlal Stormbringer
  4599 | D:5      | Reached skill level 8 in Axes
  4600 | D:5      | Reached skill level 5 in Armour
  4603 | D:5      | Reached XP level 8. HP: 51/70 MP: 8/8
  5053 | D:5      | Reached * piety under Qazlal
  5184 | D:5      | Reached skill level 9 in Axes
  5972 | D:5      | Reached skill level 5 in Shields
  6414 | D:6      | Noticed Prince Ribbit
  6428 | D:6      | Killed Prince Ribbit
  6429 | D:6      | Reached skill level 10 in Axes
  6429 | D:6      | Reached XP level 9. HP: 42/78 MP: 9/9
  6436 | D:6      | Slain by an orc warrior

Illustrated notes

Levels and vault maps discovered:
D:1:      nzn_arrival_water_spiral, layout_basic
D:2:      layout_loops_ring, shapermc_ecumenical_altar_starsandcircs,
          uniq_sigmund
D:3:      layout_basic, grunt_ministairs_14
D:4:      layout_basic, eino_small_chamber_without_monster, hex_large,
          nicolae_underground_beach
D:5:      layout_loops_cross, lemuel_crystal_altar,
          minmay_temple_entry_mini_moons, portal_sewer_entry_e, minmay_pentangle
D:6:      minmay_inner_zag, layout_loops_ring, grunt_temple_overflow_open,
          nicolae_hepliaklqana_ecumenical_no_more, serial_shops,
          nicolae_shop_statue_plus, nicolae_shop_fire_sale
          [nicolae_sub_dead_trees], hellmonk_bongcloud_opening,
          serial_park_tiny_2, nrook_campfire, uniq_prince_ribbit1
Temple:   hc_temple_tempest_star

Skill      XL: |  1  2  3  4  5  6  7  8 |
---------------+-------------------------+-----
Fighting       | 4 5 6 |  6.5
Axes           | 3 6 8 10 | 10.1
Armour         | 4 5 6 |  6.4
Dodging        | 1 2 |  2.2
Shields        | 4 5 |  5.2

Action                   |  1- 3 |  4- 6 |  7- 9 || total
-------------------------+-------+-------+-------++-------
Melee: War axe           |    81 |   108 |   249 ||   438
Throw: Dart              |       |     1 |       ||     1
  Use: Scroll            |       |     7 |     3 ||    10
       Potion            |       |       |     1 ||     1
Armor: Scale mail        |    29 |    43 |    93 ||   165
Dodge: Dodged            |    28 |    51 |    99 ||   178
Block: Buckler           |    10 |    34 |    97 ||   141
